AoeStats
← gr4vy

Black Forest

510836185Analyzed
4v4 RM · 20h ago on Oct 2, 2026· 33m 7s· 8 players
Game mode
Random Map
Map size
Large (8 player)
Population
200
Speed
Normal
Resources
Standard
Victory
Conquest
Starting age
Dark Age
Ending age
Imperial Age
RankedLock teamsTeams togetherTeam positionsShared explorationLock speedFull tech treeHidden civsTurbo modeCheats
Victory
Defeat
🇬🇧 Turks · United Kingdom
1051
+12
🇪🇸 Saracens · Spain
1038
+12
🇸🇰 Maya · Slovakia
952
+16
🇦🇷 Koreans · Argentina
906
+18
🇺🇸 Italians · United States
979
-16
🇹🇷 Persians · Türkiye
969
-15
🇺🇸 Turks · United States
943
-14
🇩🇪 Georgians · Germany
911
-13
John Wayne
1:15 Loom
1:24 Loom
15:09 Feudal Age
15:36 Double-Bit Axe
16:29 Fishing Lines
18:04 Gold Mining
19:08 Wheelbarrow
19:32 Stone Mining
25:10 Castle Age
24:08 Gold Mining
29:37 Stone Shaft Mining
29:44 Forging
29:40 Scale Barding Armor
29:50 Bow Saw
29:21 Light Cavalry
30:35 Bloodlines
30:27 Husbandry
31:42 Iron Casting
gr4vy
10:11 Loom
12:35 Feudal Age
13:58 Wheelbarrow
16:57 Castle Age
15:00 Horse Collar
17:02 Stone Mining
17:00 Double-Bit Axe
17:09 Gold Mining
18:38 Heavy Plow
20:00 Hand Cart
25:01 Town Watch
25:49 Bow Saw
26:18 Stone Shaft Mining
Soldier
0:30 Loom
15:58 Feudal Age
16:21 Double-Bit Axe
17:13 Wheelbarrow
16:19 Horse Collar
18:37 Fishing Lines
22:04 Castle Age
22:27 Gillnets
22:57 Bow Saw
23:13 Hand Cart
23:36 Heavy Plow
28:39 Caravan
30:38 Stone Mining
30:49 Gold Mining
Phil Mccrack
0:28 Loom
13:48 Feudal Age
14:29 Double-Bit Axe
18:03 Castle Age
15:48 Horse Collar
20:12 Bow Saw
20:59 Wheelbarrow
20:40 Gold Mining
20:44 Stone Mining
28:09 Imperial Age
26:34 Heavy Plow
27:12 Gold Shaft Mining
28:51 Heavy Camel Rider
29:01 Cavalier
30:17 Hand Cart
30:51 Bloodlines
30:41 Husbandry
32:21 Two-Man Saw
32:10 Forging
32:06 Scale Barding Armor
msmatossms
0:27 Loom
12:23 Feudal Age
16:32 Castle Age
15:41 Town Watch
24:59 Elite Skirmisher
26:24 Wheelbarrow
27:20 Fletching
27:31 Padded Archer Armor
29:43 Bodkin Arrow
31:06 Hand Cart
30:56 Double-Bit Axe
31:59 Leather Archer Armor
32:31 Ballistics
Legendario
0:29 Loom
13:38 Feudal Age
17:17 Castle Age
16:09 Double-Bit Axe
16:09 Horse Collar
22:34 Fishing Lines
25:23 Heavy Plow
26:25 Wheelbarrow
28:05 Gold Mining
28:13 Stone Mining
30:16 Gold Shaft Mining
32:24 Imperial Age
30:31 Hand Cart
31:35 Husbandry
31:52 Bloodlines
32:24 Scale Barding Armor
32:31 Forging
32:22 Padded Archer Armor
32:44 Elite Mameluke
33:46 Conscription
33:50 Bow Saw
BangThat
3:57 Loom
14:36 Feudal Age
14:47 Feudal Age
16:05 Double-Bit Axe
19:10 Castle Age
16:55 Horse Collar
23:44 Imperial Age
21:48 Bow Saw
28:14 Wheelbarrow
30:07 Squires
Aldous Barbarossa
8:44 Loom
11:07 Feudal Age
15:13 Castle Age
13:37 Double-Bit Axe
14:08 Horse Collar
16:08 Wheelbarrow
22:41 Hand Cart
22:14 Town Watch
23:34 Bow Saw
24:32 Heavy Plow
25:50 Gold Mining
31:48 Imperial Age
29:11 Fletching
29:22 Scale Mail Armor
29:32 Forging
29:29 Scale Barding Armor
29:47 Ballistics
30:26 Bodkin Arrow
30:37 Eupseong
30:27 Pikeman
31:08 Squires
30:54 Arson
32:45 Iron Casting
32:26 Chain Mail Armor
32:32 Chain Barding Armor
32:13 Murder Holes
Connection lost

Rejoining the realm…

Still unreachable

The connection could not be restored.

Session expired

The server has moved on; the page needs a fresh start.